[Event "European Rapid Championship 2021"]
[Site "Katowice"]
[Date "2021.12.19"]
[Round "10.5"]
[White "Godzwon, Iwo"]
[Black "Kindler, Przemyslaw"]
[Result "0-1"]
[ECO "A01"]
[WhiteElo "2352"]
[BlackElo "2032"]
[Annotator "NA"]
[PlyCount "84"]
[EventDate "2021.12.18"]
[EventType "swiss"]
[EventCountry "POL"]
[SourceTitle "playchess.com"]
[Source "ChessBase"]
[SourceQuality "1"]
[TimeControl "900+10"]

1. b3 e5 2. Bb2 Nc6 3. e3 d5 4. Bb5 Bd6 5. Ne2 Nge7 6. O-O O-O 7. f4 f6 8. Nbc3 a6 9. Bxc6 bxc6 10. Ng3 Qe8 11. f5 e4 12. Nce2 Bd7 13.
d3 Qc8 14. dxe4 dxe4 15. Nxe4 Nxf5 16. Qd3 Qe8 17. Nxd6 Nxd6 18. Ng3 Rd8 19. Ba3 Rf7 20. Bxd6 Bc8 21. Ne4 cxd6 22. Rad1 Rfd7 23. Rd2 Qe7 24. Ng3 Bb7 25. Nf5 Qe6 26. c4 c5 27. Qc3 d5 28. cxd5 Rxd5 29. Qc4 Re8 30. Rdf2 g6 31. Nh6+ Kg7 32. Ng4 Rg5 33. h3 Qxc4 34. bxc4 f5 35. Nh2 Rxe3 36.
Rd1 Be4 37. Rd7+ Kh6 38. Re7 Rxh3 39. Nf1 Rc3 40. g3 Rh5 41. Rh2 Rxh2 42. Kxh2 Rc2+ 0-1

[Event "European Rapid Championship 2021"]
[Site "Katowice"]
[Date "2021.12.19"]
[Round "10.5"]
[White "Kyc, Jerzy"]
[Black "Sumets, Andrey"]
[Result "1-0"]
[ECO "C07"]
[WhiteElo "2308"]
[BlackElo "2508"]
[Annotator "ChessBase"]
[PlyCount "85"]
[EventDate "2021.12.18"]
[EventType "swiss"]
[EventCountry "POL"]
[SourceTitle "playchess.com"]
[Source "ChessBase"]
[SourceQuality "1"]
[TimeControl "900+10"]

1. e4 e6 2. d4 d5 3. Nd2 c5 4. Ngf3 a6 5. dxc5 Bxc5 6. Bd3 Nc6 7. a3 Nf6 8. O-O O-O 9. b4 Be7 10. Bb2 b5 11. e5 Nd7 12. Qe2 Nb6 13.
Nd4 Qc7 14. Nxc6 Qxc6 15. f4 Nc4 16. Bd4 f5 17. Nb3 Bd7 18.
Bc5 Bxc5+ 19. Nxc5 Nb6 20. g4 Na4 21. Nxa4 bxa4 22. gxf5 exf5 23. Qe3 Rac8 24. Qd4 Qb7 25. Rae1 Rfe8 26. Rf3 Be6 27. Rg3 Re7 28. Rg5 Rc6 29. Bxf5 Bxf5 30. Rxf5 Rxc2 31. e6 Rc4 32. Qxd5 Qxd5 33. Rxd5 Rxf4 34. Rd6 h5 35. Rxa6 Rf6 36. Rxa4 Rg6+ 37. Kh1 Rgxe6 38. Rxe6 Rxe6 39. b5 Kf7 40. Rb4 Rb6 41. a4 Ke6 42. a5 Rb8 43. a6 1-0

[Event "European Rapid Championship 2021"]
[Site "Katowice"]
[Date "2021.12.19"]
[Round "10.6"]
[White "Andersen, Mads"]
[Black "Brodowski, Piotr"]
[Result "0-1"]
[ECO "A05"]
[WhiteElo "2574"]
[BlackElo "2414"]
[Annotator "ChessBase"]
[PlyCount "142"]
[EventDate "2021.12.18"]
[EventType "swiss"]
[EventCountry "POL"]
[SourceTitle "playchess.com"]
[Source "ChessBase"]
[SourceQuality "1"]
[TimeControl "900+10"]

1. Nf3 Nf6 2. c4 d6 3. d4 g6 4. Nc3 Bf5 5. d5 Bg7 6. Nd4 Bd7 7. e4 O-O 8. Be2 c5 9. Nf3 Bg4 10. O-O Bxf3 11. Bxf3 a6 12. a4 Nbd7 13. Bf4 Qc7 14. Re1 Rad8 15. Be2 Rfe8 16. Qd2 Qa5 17. Qc2 h6 18. h3 Nf8 19. Bd3 N6d7 20. Bd2 Qc7 21. Qc1 Kh7 22. f4 e6 23. Qc2 Bd4+ 24. Kh2 e5 25. g3 Nf6 26. Ne2 N8d7 27. a5 h5 28.
Nxd4 cxd4 29. b4 h4 30. g4 exf4 31. Bxf4 Ne5 32. Kg2 Qd7 33. Bxe5 Rxe5 34. Qf2 Kg7 35. Qxh4 Rde8 36. Ra2 Nxe4 37. Bxe4 Rxe4 38. Rxe4 Rxe4 39. Rf2 d3 40. Qf6+ Kg8 41. Qc3 Qc7 42. c5 dxc5 43. Qxc5 Qxc5 44. bxc5 Rc4 45. Kf3 Rxc5 46. Ke4 Kf8 47. Rb2 Rxa5 48. Rxb7 d2 49. Rb1 Ke7 50. Ke5 Rb5 51. Rd1 f6+ 52. Ke4 Rb2 53. Kd4 Kd6 54. Kc3 Ra2 55. Kb3 Ra5 56. Rxd2 Rxd5 57. Rf2 Ke6 58. Kc4 Re5 59. Kd4 Rb5 60. Kc4 Ra5 61. Re2+ Kf7 62. Re3 g5 63. Rb3 Ra4+ 64. Kd5 Ra1 65. Ke4 a5 66. Rb7+ Kg6 67. Ra7 Ra3 68. Kd5 Rd3+ 69. Ke6 Rxh3 70. Rxa5 Re3+ 71. Kd6 Re4 0-1

[Event "European Rapid Championship 2021"]
[Site "Katowice"]
[Date "2021.12.19"]
[Round "10.6"]
[White "Lewtak, Dominik"]
[Black "Kulon, Klaudia"]
[Result "1/2-1/2"]
[ECO "C68"]
[WhiteElo "2165"]
[BlackElo "2328"]
[Annotator "NA"]
[PlyCount "34"]
[EventDate "2021.12.18"]
[EventType "swiss"]
[EventCountry "POL"]
[SourceTitle "playchess.com"]
[Source "ChessBase"]
[SourceQuality "1"]
[TimeControl "900+10"]

1. e4 e5 2. Nf3 Nc6 3. Bb5 a6 4. Bxc6 dxc6 5. O-O f6 6. h3 c5 7. c3 Ne7 8. d3 Nc6 9. Be3 Be6 10. Qc2 Qd7 11. Rd1 Bd6 12. Nbd2 O-O 13.
Nb3 Qe7 14. d4 cxd4 15. cxd4 exd4 16. Nbxd4 Nxd4 17. Nxd4 Rfe8 1/2-1/2

[Event "European Rapid Championship 2021"]
[Site "Katowice"]
[Date "2021.12.19"]
[Round "10.7"]
[White "Fridman, Daniel"]
[Black "Blohberger, Felix"]
[Result "1-0"]
[ECO "E20"]
[WhiteElo "2626"]
[BlackElo "2409"]
[Annotator "ChessBase"]
[PlyCount "77"]
[EventDate "2021.12.18"]
[EventType "swiss"]
[EventCountry "POL"]
[SourceTitle "playchess.com"]
[Source "ChessBase"]
[SourceQuality "1"]
[TimeControl "900+10"]

1. d4 Nf6 2. c4 e6 3. g3 Bb4+ 4. Nc3 d6 5. Bg2 O-O 6. Nf3 Nc6 7. O-O Bxc3 8.
bxc3 e5 9. d5 Na5 10. c5 Re8 11. Bg5 Bd7 12. Nd2 h6 13. Bxf6 Qxf6 14. c6 Bc8 15. Qa4 b6 16. e4 Qg6 17. Rae1 f5 18. f4 Ba6 19. c4 exf4 20.
Rxf4 fxe4 21. Bxe4 Qg5 22. Qc2 Rf8 23. Nf3 Qd8 24. Bh7+ Kh8 25.
Rxf8+ Qxf8 26. Nh4 Qf6 27. Bf5 Bxc4 28. Ng6+ Kh7 29. Qe4 h5 30. h4 Bxa2 31. Be6 Kh6 32. Rf1 Qc3 33. Qf4+ Kh7 34. Qg5 Qd4+ 35. Kh2 Qb2+ 36. Kh3 Qe2 37. Rf7 Qxe6+ 38. dxe6 Bxe6+ 39. Rf5 1-0

[Event "European Rapid Championship 2021"]
[Site "Katowice"]
[Date "2021.12.19"]
[Round "10.7"]
[White "Janaszak, Dawid"]
[Black "Krasenkova, Elena"]
[Result "1-0"]
[ECO "B03"]
[WhiteElo "2328"]
[BlackElo "2124"]
[Annotator "NA"]
[PlyCount "101"]
[EventDate "2021.12.18"]
[EventType "swiss"]
[EventCountry "POL"]
[SourceTitle "playchess.com"]
[Source "ChessBase"]
[SourceQuality "1"]
[TimeControl "900+10"]

1. e4 Nf6 2. e5 Nd5 3. d4 e6 4. c4 Nb6 5. Nc3 d5 6. exd6 cxd6 7. Nf3 Be7 8. Bd3 Nc6 9. O-O O-O 10. Qe2 d5 11. c5 Nd7 12. a3 a5 13.
Rd1 b6 14. cxb6 Nxb6 15. Bf4 Bd7 16. Rac1 Rc8 17. h3 Na7 18. Ba6 Rc6 19. Bb7 Rc4 20. b3 Rxc3 21. Rxc3 Bb5 22. Qb2 Bd6 23. Bxd6 Qxd6 24. a4 Bd7 25. Qc2 f6 26. Ba6 Nc6 27. Bd3 f5 28. Bb5 Nb4 29. Qe2 Rb8 30. Bxd7 Nxd7 31. Rdc1 h6 32. Rc8+ Rxc8 33. Rxc8+ Kh7 34. Ng5+ Kg6 35. Qxe6+ Qxe6 36. Nxe6 Kf6 37. Nc5 Nxc5 38. Rxc5 Ke6 39. Kf1 f4 40. Ke2 g5 41. Rxa5 h5 42. Ra8 Nc2 43. Kd3 Ne1+ 44. Kd2 Nxg2 45. a5 g4 46. hxg4 hxg4 47. a6 Nh4 48. a7 Nf3+ 49. Kc3 g3 50. fxg3 fxg3 51. Rg8 1-0

[Event "European Rapid Championship 2021"]
[Site "Katowice"]
[Date "2021.12.19"]
[Round "10.8"]
[White "Bjerre, Jonas Buhl"]
[Black "Durarbayli, Vasif"]
[Result "1-0"]
[ECO "E18"]
[WhiteElo "2330"]
[BlackElo "2532"]
[Annotator "ChessBase"]
[PlyCount "107"]
[EventDate "2021.12.18"]
[EventType "swiss"]
[EventCountry "POL"]
[SourceTitle "playchess.com"]
[Source "ChessBase"]
[SourceQuality "1"]
[TimeControl "900+10"]

1. d4 Nf6 2. c4 e6 3. Nf3 b6 4. g3 Bb7 5. Bg2 Be7 6. O-O O-O 7. Nc3 Ne4 8.
Bd2 Bf6 9. Ne5 Nxc3 10. Bxc3 Bxg2 11. Kxg2 d5 12. Qa4 Qe8 13. Qb3 Bxe5 14. dxe5 Qc6 15. cxd5 exd5 16. Bb4 Re8 17. Rac1 Qb7 18. f4 Na6 19. Ba3 Rad8 20. Rc2 d4+ 21. Qf3 Qxf3+ 22. Kxf3 f6 23. exf6 gxf6 24. Rc6 Re3+ 25. Kf2 Rde8 26. Rd1 Rxe2+ 27. Kf1 R2e4 28. b3 Kf7 29. Bb2 Rd8 30. a3 Kg6 31. b4 Rd7 32. Kf2 Kf7 33. f5 Re5 34. Rxd4 Rxf5+ 35. Ke3 Re7+ 36. Re4 h5 37. Bd4 Rf1 38. Rxe7+ Kxe7 39. Ke4 Kd7 40. Rxf6 Rxf6 41. Bxf6 c5 42. bxc5 Nxc5+ 43. Kf5 b5 44. Bd4 Kd6 45. Kg6 a5 46. Bc3 a4 47. Kxh5 Kd5 48. g4 Kc4 49. Bf6 b4 50.
axb4 Nd3 51. g5 a3 52. g6 Nf4+ 53. Kh6 Nd5 54. Ba1 1-0

[Event "European Rapid Championship 2021"]
[Site "Katowice"]
[Date "2021.12.19"]
[Round "10.8"]
[White "Luberanski, Jakub"]
[Black "Sharankov, Grigory"]
[Result "0-1"]
[ECO "C10"]
[WhiteElo "2199"]
[BlackElo "2220"]
[Annotator "NA"]
[PlyCount "48"]
[EventDate "2021.12.18"]
[EventType "swiss"]
[EventCountry "POL"]
[SourceTitle "playchess.com"]
[Source "ChessBase"]
[SourceQuality "1"]
[TimeControl "900+10"]

1. e4 e6 2. d4 d5 3. Nc3 Nc6 4. e5 f6 5. exf6 Nxf6 6. Nf3 Bd6 7. Bb5 O-O 8. Bxc6 bxc6 9. O-O c5 10. Be3 cxd4 11. Bxd4 c5 12. Bxf6 Rxf6 13. Qe2 Qb6 14. Nb5 Ba6 15. a4 Raf8 16. c4 Bb8 17. Ne5 Bxe5 18.
Qxe5 dxc4 19. Nc3 Qxb2 20. Qe3 Rxf2 21. Qxe6+ Kh8 22. Qc6 Bb7 23. Qd6 Rxg2+ 24. Kh1 Rxh2+ 0-1

[Event "European Rapid Championship 2021"]
[Site "Katowice"]
[Date "2021.12.19"]
[Round "10.9"]
[White "Klekowski, Maciej"]
[Black "Papasimakopoulos, Alexandros"]
[Result "1-0"]
[ECO "A10"]
[WhiteElo "2528"]
[BlackElo "2274"]
[Annotator "ChessBase"]
[PlyCount "109"]
[EventDate "2021.12.18"]
[EventType "swiss"]
[EventCountry "POL"]
[SourceTitle "playchess.com"]
[Source "ChessBase"]
[SourceQuality "1"]
[TimeControl "900+10"]

1. c4 f5 2. Nc3 Nf6 3. g3 g6 4. Bg2 Bg7 5. Nf3 O-O 6. d4 d6 7. O-O e6 8. Re1 Ne4 9. Qc2 Nxc3 10. Qxc3 Nc6 11. e3 e5 12. b4 e4 13. Nd2 h5 14. Bb2 h4 15. Qb3 hxg3 16. hxg3 Kh7 17. f3 exf3 18. Nxf3 Bf6 19. Kf2 Kg7 20. Rh1 a6 21. a4 Bd7 22. b5 axb5 23. cxb5 Na5 24. Qc2 Be6 25. d5 Bg8 26. Rac1 Rc8 27. Ng5 Bxb2 28. Rh7+ Bxh7 29. Ne6+ Kg8 30. Nxd8 Bxc1 31. Ne6 Rf7 32. Qxc1 b6 33. Ng5 Re7 34. e4 Nb3 35. Qc3 Nc5 36. Qf6 Rce8 37. Kg1 Nd7 38. Qc3 Nc5 39. Qf6 Nd7 40. Qd4 Nc5 41. Ne6 Nxe6 42. dxe6 Rxe6 43. exf5 Re1+ 44. Kh2 R1e2 45. Qc4+ Kg7 46. Qxc7+ R8e7 47. Qxb6 gxf5 48.
Qd4+ Kf7 49. Kh3 Kg6 50. Bf3 R2e3 51. b6 Rxf3 52. Qxd6+ Kf7 53. Qd5+ Re6 54. b7 f4 55. Qxf3 1-0

[Event "European Rapid Championship 2021"]
[Site "Katowice"]
[Date "2021.12.19"]
[Round "10.9"]
[White "Golubovskis, Maksims"]
[Black "Kanicki, Krzysztof"]
[Result "1-0"]
[ECO "B61"]
[WhiteElo "2210"]
[BlackElo "2004"]
[Annotator "NA"]
[PlyCount "69"]
[EventDate "2021.12.18"]
[EventType "swiss"]
[EventCountry "POL"]
[SourceTitle "playchess.com"]
[Source "ChessBase"]
[SourceQuality "1"]
[TimeControl "900+10"]

1. e4 c5 2. Nf3 Nc6 3. d4 cxd4 4. Nxd4 Nf6 5. Nc3 d6 6. Bg5 Bd7 7. Qd2 Rc8 8. Nb3 a6 9. Be2 e6 10. O-O Be7 11. Bxf6 gxf6 12. Qh6 Ne5 13. Rad1 b5 14. a3 Bf8 15. Qh5 Nc4 16. Bxc4 Rxc4 17. f4 h6 18. f5 Rg8 19. fxe6 Bxe6 20. Rd2 Rg5 21. Qf3 Qb6+ 22. Kh1 Be7 23. Nd5 Bxd5 24. exd5 Re5 25. c3 f5 26. Nd4 Bg5 27. Re2 Rc7 28. Nxf5 Kd8 29. Rxe5 dxe5 30. d6 Rb7 31. Qd5 h5 32. Qxe5 f6 33. Qe6 Qc6 34. Re1 Qc4 35. Qe8# 1-0

[Event "European Rapid Championship 2021"]
[Site "Katowice"]
[Date "2021.12.19"]
[Round "10.10"]
[White "Piesik, Piotr"]
[Black "Tazbir, Marcin"]
[Result "1-0"]
[ECO "E92"]
[WhiteElo "2342"]
[BlackElo "2514"]
[Annotator "ChessBase"]
[PlyCount "103"]
[EventDate "2021.12.18"]
[EventType "swiss"]
[EventCountry "POL"]
[SourceTitle "playchess.com"]
[Source "ChessBase"]
[SourceQuality "1"]
[TimeControl "900+10"]

1. d4 Nf6 2. c4 d6 3. Nc3 e5 4. d5 g6 5. e4 Bg7 6. Be2 O-O 7. Nf3 a5 8. Bg5 h6 9. Bh4 Qe8 10. Nd2 Nfd7 11. f3 f5 12. O-O g5 13. Bf2 f4 14. a3 h5 15. b4 Rf6 16. c5 Bf8 17. Nb5 Na6 18. cxd6 cxd6 19. Qb3 Rg6 20. Rfc1 Nf6 21. Kh1 Rg7 22. Bb6 g4 23. Nc7 Nxc7 24. Rxc7 Rxc7 25. Bxc7 axb4 26. Qxb4 Qe7 27. Bb6 Nd7 28. Bg1 Nc5 29. Bxc5 dxc5 30. Qb6 c4 31. Nxc4 Qc5 32. Qg6+ Bg7 33. Qe8+ Kh7 34. Qxh5+ Kg8 35. Qe8+ Kh7 36. Rg1 g3 37. Qh5+ Kg8 38. Qe8+ Kh7 39. Nxe5 Qd6 40. Qh5+ Kg8 41. Qe8+ Kh7 42. Qh5+ Kg8 43. Nc4 Qc5 44. Qe8+ Kh7 45. Qh5+ Kg8 46. Qe8+ Kh7 47. Qf7 gxh2 48. Rd1 Qf2 49. Bd3 Ra6 50. e5+ Kh6 51. e6 Qg3 52. Qf5 1-0

[Event "European Rapid Championship 2021"]
[Site "Katowice"]
[Date "2021.12.19"]
[Round "10.10"]
[White "Paszewski, Mateusz"]
[Black "Redzisz, Michal"]
[Result "1-0"]
[ECO "A05"]
[WhiteElo "2202"]
[BlackElo "2257"]
[Annotator "NA"]
[PlyCount "90"]
[EventDate "2021.12.18"]
[EventType "swiss"]
[EventCountry "POL"]
[SourceTitle "playchess.com"]
[Source "ChessBase"]
[SourceQuality "1"]
[TimeControl "900+10"]

1. Nf3 Nf6 2. c4 g6 3. b3 Bg7 4. Bb2 O-O 5. g3 d5 6. cxd5 Qxd5 7. Bg2 Qh5 8. h3 c6 9. Nc3 Nbd7 10. d4 g5 11. e4 Qg6 12. Qe2 Rd8 13. Rd1 h5 14. O-O Nh7 15.
d5 c5 16. e5 Nb6 17. Rfe1 Bf5 18. Nd2 Bc2 19. Rc1 Bd3 20. Qe3 Rac8 21. Nce4 c4 22. bxc4 Bxc4 23. d6 exd6 24. Nxd6 Rxd6 25. exd6 Bxb2 26. d7 Rf8 27. Rxc4 Nxc4 28. Nxc4 Bf6 29. Be4 Qg7 30. Qxa7 Bd4 31. Qxb7 Qf6 32. Re2 h4 33. g4 Kg7 34. Bxh7 Kxh7 35. Qe4+ Kg7 36. Ne3 Bxe3 37. Qxe3 Rd8 38. Rd2 Qa1+ 39. Kg2 Qf6 40. Rd5 Kg6 41. a4 Kh6 42. Qd4 Qc6 43. Qe5 f6 44. Qd6 Qc3 45. Qe7 Qg3+ 1-0

[Event "European Rapid Championship 2021"]
[Site "Katowice"]
[Date "2021.12.19"]
[Round "10.11"]
[White "Stefansson, Hannes"]
[Black "Mis, Mieszko"]
[Result "1/2-1/2"]
[ECO "D45"]
[WhiteElo "2519"]
[BlackElo "2237"]
[Annotator "ChessBase"]
[PlyCount "94"]
[EventDate "2021.12.18"]
[EventType "swiss"]
[EventCountry "POL"]
[SourceTitle "playchess.com"]
[Source "ChessBase"]
[SourceQuality "1"]
[TimeControl "900+10"]

1. d4 Nf6 2. c4 c6 3. Nc3 d5 4. e3 e6 5. Nf3 a6 6. b3 c5 7. cxd5 cxd4 8. Qxd4 exd5 9. Be2 Nc6 10. Qd3 Bd6 11. O-O O-O 12. Bb2 Be6 13. Rfd1 Qe7 14. Ng5 Ne5 15. Qd4 Rac8 16. Rac1 Ng6 17. h3 Rfd8 18. Qd3 d4 19. Nxe6 Qxe6 20. Na4 Rxc1 21. Rxc1 dxe3 22. Qxe3 Qxe3 23. fxe3 Nf8 24. Rd1 Ne6 25. Bf3 b5 26. Nc3 Be5 27. Rxd8+ Nxd8 28. Kf2 Kf8 29. Ba3+ Ke8 30. Nd5 Nxd5 31. Bxd5 Kd7 32. h4 h5 33. Kf3 g6 34. g4 hxg4+ 35. Kxg4 Ne6 36. Bb4 Bc7 37. Bc3 Kd6 38. Bg2 Bb6 39. Kf3 Bd8 40. b4 Bxh4 41. Ke2 Kc7 42. Be5+ Kb6 43. Bd5 Be7 44. Bc3 Bf8 45. a3 Be7 46. Kd3 Bd6 47. Bf6 Bc7 1/2-1/2

[Event "European Rapid Championship 2021"]
[Site "Katowice"]
[Date "2021.12.19"]
[Round "10.11"]
[White "Lukasiewicz, Krzysztof"]
[Black "Cukrowski, Filip"]
[Result "0-1"]
[ECO "B12"]
[WhiteElo "2251"]
[BlackElo "2373"]
[Annotator "NA"]
[PlyCount "60"]
[EventDate "2021.12.18"]
[EventType "swiss"]
[EventCountry "POL"]
[SourceTitle "playchess.com"]
[Source "ChessBase"]
[SourceQuality "1"]
[TimeControl "900+10"]

1. e4 c6 2. d4 d5 3. e5 Bf5 4. Nf3 e6 5. Be2 c5 6. Be3 Ne7 7. dxc5 Nd7 8.
O-O Nc6 9. c4 dxc4 10. Na3 Bxc5 11. Bxc5 Nxc5 12. Nxc4 O-O 13. Rc1 Nd3 14. Rc3 Nf4 15. Nd6 Bg4 16. Nxb7 Qb6 17. Rb3 Qc7 18. h3 Nxe2+ 19. Qxe2 Nd4 20. Qe4 Bxf3 21. gxf3 Nxb3 22. axb3 Rab8 23. Nd6 Rxb3 24. f4 Rxh3 25. Kg2 Rh6 26. Rd1 f6 27. b4 fxe5 28. fxe5 Qe7 29. Rd3 Qg5+ 30. Rg3 Qh5 0-1

[Event "European Rapid Championship 2021"]
[Site "Katowice"]
[Date "2021.12.19"]
[Round "10.12"]
[White "Janik, Igor"]
[Black "Niedbala, Bartlomiej"]
[Result "1-0"]
[ECO "A13"]
[WhiteElo "2462"]
[BlackElo "2131"]
[Annotator "ChessBase"]
[PlyCount "131"]
[EventDate "2021.12.18"]
[EventType "swiss"]
[EventCountry "POL"]
[SourceTitle "playchess.com"]
[Source "ChessBase"]
[SourceQuality "1"]
[TimeControl "900+10"]

1. c4 Nf6 2. g3 e6 3. Bg2 d5 4. Nf3 dxc4 5. Qa4+ Bd7 6. Qxc4 c5 7. Ne5 Qc8 8. Qd3 Nc6 9. Nxd7 Qxd7 10. Qxd7+ Kxd7 11. b3 Rc8 12. Bb2 Be7 13. Nc3 Rhd8 14. e3 Ke8 15. Ke2 b6 16. d3 Kf8 17. Rac1 Nd7 18.
f4 Nf6 19. Rhd1 Nb4 20. Bb7 Rc7 21. Bf3 Rcd7 22. d4 cxd4 23.
Rxd4 Rxd4 24. exd4 Rc8 25. Kd2 Rc7 26. a3 Nbd5 27. Nb5 Rxc1 28. Bxc1 a6 29. Na7 Ke8 30. Nc6 Bd6 31. Kd3 g6 32. Ne5 Nd7 33.
Nc4 Bc7 34. Bd2 h5 35. a4 Kd8 36. Bc1 Nb4+ 37. Kd2 Nd5 38. Ba3 h4 39. Ne5 Nxe5 40. dxe5 hxg3 41. hxg3 g5 42. Bxd5 exd5 43. Ke3 gxf4+ 44. Kxf4 Kd7 45. Kf5 Bd8 46. Bb2 b5 47. axb5 axb5 48. Bd4 Be7 49. g4 Bd8 50. Bc5 Be7 51. Bb6 Bd8 52. Bxd8 Kxd8 53. Kf4 b4 54. Ke3 Kd7 55. Kd4 Ke6 56. g5 Kf5 57. Kxd5 Kxg5 58. e6 Kf6 59. exf7 Kxf7 60. Kc5 Ke6 61. Kxb4 Kd6 62. Kb5 Kc7 63. Ka6 Kc8 64. b4 Kc7 65. b5 Kb8 66. Kb6 1-0

[Event "European Rapid Championship 2021"]
[Site "Katowice"]
[Date "2021.12.19"]
[Round "10.12"]
[White "Karolczuk, Iwo"]
[Black "Lewtak, Damian"]
[Result "1-0"]
[ECO "A41"]
[WhiteElo "2007"]
[BlackElo "2185"]
[Annotator "NA"]
[PlyCount "125"]
[EventDate "2021.12.18"]
[EventType "swiss"]
[EventCountry "POL"]
[SourceTitle "playchess.com"]
[Source "ChessBase"]
[SourceQuality "1"]
[TimeControl "900+10"]

1. d4 d6 2. Nf3 g6 3. g3 Bg7 4. Bg2 e5 5. e4 Nc6 6. dxe5 dxe5 7. Qxd8+ Nxd8 8. O-O f6 9. Nbd2 Nh6 10. Nc4 Be6 11. Ne3 c6 12. b3 Ng4 13.
Rd1 Bf8 14. h3 Nxe3 15. Bxe3 Ba3 16. Rd2 Nf7 17. Rad1 Ke7 18. c3 Rhd8 19. Rxd8 Nxd8 20. Bf1 a5 21. Nd2 a4 22. Nc4 Bxc4 23. Bxc4 Ne6 24. b4 Rd8 25. Rxd8 Nxd8 26. Bc5+ Ke8 27. Bg8 h5 28. Kf1 Bb2 29. c4 b5 30. cxb5 cxb5 31. Bd5 Kd7 32. Ke2 Ne6 33. Bxe6+ Kxe6 34. f3 Bc3 35. g4 Kf7 36. Kd3 Be1 37. Ke2 Bg3 38. Be3 Bh4 39. Bd2 Kg7 40. Be3 Bg3 41. Bd2 Kh7 42. Be3 Bh4 43. Bd2 Kg7 44. Be3 f5 45. Bc5 Kf6 46. Be3 Bg5 47. Bb6 Bf4 48. gxh5 gxh5 49. Bd8+ Ke6 50. Bb6 Bg5 51. Bc5 Bd8 52. Kf2 Kf6 53. Kg3 Kg6 54. Bd6 Bf6 55. f4 fxe4 56. fxe5 Bg5 57. e6 Kf6 58. Bf4 Bxf4+ 59. Kxf4 Kxe6 60. Kxe4 a3 61. Kd4 Kf5 62. Kc5 Kf4 63. Kxb5 1-0

[Event "European Rapid Championship 2021"]
[Site "Katowice"]
[Date "2021.12.19"]
[Round "10.13"]
[White "Przybylski, Wojciech"]
[Black "Musial, Tomasz"]
[Result "1-0"]
[ECO "C11"]
[WhiteElo "2321"]
[BlackElo "1916"]
[Annotator "NA"]
[PlyCount "113"]
[EventDate "2021.12.18"]
[EventType "swiss"]
[EventCountry "POL"]
[SourceTitle "playchess.com"]
[Source "ChessBase"]
[SourceQuality "1"]
[TimeControl "900+10"]

1. e4 e6 2. d4 d5 3. Nc3 Nf6 4. Bg5 dxe4 5. Nxe4 Be7 6. Bxf6 gxf6 7. Nc3 f5 8. g3 Bf6 9. Nf3 c5 10. dxc5 Bxc3+ 11. bxc3 Qxd1+ 12. Rxd1 Nd7 13. Bb5 a6 14. Bxd7+ Bxd7 15. Ne5 Bb5 16. c4 Ba4 17. Kd2 Rc8 18. Nd3 O-O 19. f3 b6 20. Rb1 bxc5 21. Rb6 Rc6 22. Rhb1 Rfc8 23. f4 a5 24. Kc3 Kf8 25. Rxc6 Bxc6 26. Nxc5 Bd5 27. Rb5 Bc6 28. Rxa5 Be8 29. Nd3 Rc7 30. Ra8 Ke7 31. a4 f6 32. a5 Bb5 33. Nb2 Bc6 34. Rh8 Kd6 35.
Rf8 Ke7 36. Rb8 Ra7 37. Kb4 Kd6 38. Nd3 e5 39. Rb6 e4 40.
Nc1 Ra8 41. Ne2 Kc7 42. Nd4 Bd7 43. Rxf6 e3 44. a6 Re8 45. Ne2 Bc6 46. Kc3 Bf3 47. Kd3 Bg4 48. c5 Rd8+ 49. Rd6 Re8 50.
c3 h5 51. Rd5 Bf3 52. Re5 Be4+ 53. Kxe3 Rd8 54. Nd4 Ra8 55. Re6 Rb8 56. Re7+ Kd8 57. Rxe4 1-0

[Event "European Rapid Championship 2021"]
[Site "Katowice"]
[Date "2021.12.19"]
[Round "10.13"]
[White "Szpar, Milosz"]
[Black "Gumularz, Szymon"]
[Result "0-1"]
[ECO "B12"]
[WhiteElo "2315"]
[BlackElo "2452"]
[Annotator "ChessBase"]
[PlyCount "56"]
[EventDate "2021.12.18"]
[EventType "swiss"]
[EventCountry "POL"]
[SourceTitle "playchess.com"]
[Source "ChessBase"]
[SourceQuality "1"]
[TimeControl "900+10"]

1. e4 c6 2. d4 d5 3. e5 Bf5 4. h4 h5 5. Bd3 Bxd3 6. Qxd3 Qa5+ 7. Nd2 e6 8.
Ngf3 Nh6 9. O-O Nf5 10. Nb3 Qb5 11. Qd1 c5 12. dxc5 Bxc5 13.
a4 Qb6 14. Nxc5 Qxc5 15. b3 Nc6 16. Bb2 Rd8 17. Qd2 Rh6 18.
Ba3 Qb6 19. Rfe1 Rg6 20. Kh2 d4 21. Qd3 Rd5 22. Re4 Qc7 23.
Rae1 Rg4 24. Kh3 Rxe4 25. Qxe4 Kd7 26. Re2 Kc8 27. Bb2 Qd8 28. Ne1 Rxe5 0-1

[Event "European Rapid Championship 2021"]
[Site "Katowice"]
[Date "2021.12.19"]
[Round "10.14"]
[White "Kosakowski, Jakub"]
[Black "Mirzoev, Emil"]
[Result "1-0"]
[ECO "C03"]
[WhiteElo "2438"]
[BlackElo "2418"]
[Annotator "NA"]
[PlyCount "57"]
[EventDate "2021.12.18"]
[EventType "swiss"]
[EventCountry "POL"]
[SourceTitle "playchess.com"]
[Source "ChessBase"]
[SourceQuality "1"]
[TimeControl "900+10"]

1. e4 e6 2. d4 d5 3. Nd2 h6 4. Ngf3 Nf6 5. e5 Nfd7 6. Bd3 c5 7. c3 Nc6 8. O-O g5 9. dxc5 Nxc5 10. Bb5 Bg7 11. Nb3 Nd7 12. Re1 O-O 13.
Bxc6 bxc6 14. Qd4 Qe7 15. Na5 c5 16. Qd3 Re8 17. h3 Nf8 18.
b4 c4 19. Qe2 Qc7 20. h4 gxh4 21. Nxh4 Ng6 22. Qh5 Nxh4 23. Qxh4 Bxe5 24. Bxh6 f5 25. Qg5+ Bg7 26. Nc6 a5 27. Re3 f4 28. Bxg7 fxe3 29. Be5+ 1-0

[Event "European Rapid Championship 2021"]
[Site "Katowice"]
[Date "2021.12.19"]
[Round "10.14"]
[White "Sliwicka, Alicja"]
[Black "Czarnecka, Lidia"]
[Result "1-0"]
[ECO "B42"]
[WhiteElo "2303"]
[BlackElo "1900"]
[Annotator "NA"]
[PlyCount "95"]
[EventDate "2021.12.18"]
[EventType "swiss"]
[EventCountry "POL"]
[SourceTitle "playchess.com"]
[Source "ChessBase"]
[SourceQuality "1"]
[TimeControl "900+10"]

1. e4 c5 2. Nf3 e6 3. d4 cxd4 4. Nxd4 a6 5. Bd3 Bc5 6. Nb3 Ba7 7. O-O Ne7 8. Nc3 O-O 9. Qe2 Nbc6 10. Bf4 e5 11. Bg5 d6 12. Kh1 Be6 13.
Rad1 f6 14. Bc4 Qd7 15. Be3 b5 16. Bxe6+ Qxe6 17. Nd5 Rfc8 18. Qd2 Kf8 19. Rfe1 Nd8 20. Bxa7 Rxa7 21. Qe3 Nec6 22. Rd2 Nf7 23. Red1 Rb7 24. c3 a5 25. Nc1 b4 26. c4 Nd4 27. Nb3 Nxb3 28.
Qxb3 Rc5 29. Ne3 Rbc7 30. Qd3 g6 31. b3 Kg7 32. Qe2 Ra7 33.
Nd5 Ra6 34. Rd3 Nh6 35. Rh3 f5 36. exf5 Nxf5 37. Qg4 Ra7 38.
Rhd3 Rc6 39. Qe4 Rc5 40. Ne3 Nxe3 41. Qxe3 Ra6 42. Qe4 Rcc6 43. c5 Kg8 44. Rd5 Rxc5 45. Rxc5 dxc5 46. Rd8+ Kf7 47. Qb7+ Qe7 48. Rd7 1-0